 Dungeon Crawl Stone Soup version 0.30-a0-737-gf23d94013f (webtiles) character file.

Game seed: 5168926986457486664

1068 Ijustatesigmund the Thaumaturge (level 8, 0/46 HPs)
             Began as a Deep Elf Earth Elementalist on Feb 2, 2023.
             Succumbed to a killer bee's poison
             ... on level 5 of the Dungeon.
             The game lasted 00:11:03 (5924 turns).

Ijustatesigmund the Thaumaturge (DEEE)              Turns: 5924, Time: 00:11:04

Health: 0/46       AC:  2    Str:  5    XL:     8   Next: 7%
Magic:  17/22      EV: 12    Int: 23    God:
Gold:   208        SH:  0    Dex: 15    Spells: 19/23 levels left

rFire   . . .      SeeInvis +    c - +0 sling
rCold   . . .      Faith    .    (no shield)
rNeg    . . .      Spirit   .    a - +0 robe
rPois   .          Reflect  .    (no helmet)
rElec   .          Harm     .    (no cloak)
rCorr   .          Rampage  .    (no gloves)
Will    .....                    (no boots)
Stlth   ++                       (no amulet)
HPRegen 0.27/turn                h - ring of see invisible
MPRegen 0.18/turn                (no ring)

@: lethally poisoned (0 -> -5)
A: no striking features
a: no special abilities


You were on level 5 of the Dungeon.
You visited 2 branches of the dungeon, and saw 6 of its levels.

You collected 208 gold pieces.

Inventory:

Hand Weapons
 c - a +0 sling (weapon)
 d - a +0 short sword
Armour
 a - a +0 robe (worn)
Jewellery
 h - a ring of see invisible (left hand)
Scrolls
 e - 4 scrolls of identify
 f - a scroll of teleportation
Potions
 b - 2 potions of magic
 g - a potion of haste


   Skills:
 + Level 3.2 Fighting
 - Level 3.0 Ranged Weapons
 - Level 2.4 Dodging
 - Level 2.4 Stealth
 + Level 8.0 Spellcasting
 + Level 5.5 Conjurations
 - Level 1.1 Transmutations
 - Level 4.0 Earth Magic


You had 19 spell levels left.
You knew the following spells:

 Your Spells              Type           Power      Damage    Failure   Level
a - Sandblast             Erth           54%        2d13      1%          1
b - Stone Arrow           Conj/Erth      62%        3d10      3%          3

Your spell library contained the following spells:

 Spells                   Type           Power      Damage    Failure   Level
 Passwall                 Tmut/Erth      17%        N/A       3%          2
 Cigotuvi's Dreadful Rot  Necr/Pois/Air  18%        N/A       11%         2
 Petrify                  Tmut/Erth      21%        N/A       24%         4
 Dispel Undead            Necr           9%         3d8       56%         4
 Death Channel            Necr           4%         N/A       100%        6


Dungeon Overview and Level Annotations

Branches:
Dungeon (5/15)             Temple (1/1) D:5

Altars:
Ashenzari
Cheibriados
Dithmenos
Gozag
Hepliaklqana
Makhleb
Nemelex Xobeh
Okawaru
Qazlal
Ru
Sif Muna
Trog
Uskayaw
Vehumet
Xom
Yredelemnul
Zin
The Shining One

Shops:
D:2 (

Annotations:
D:3 3 runed translucent doors, M4edhros's ghost, weakling OpMo


Message History

Casting: Sandblast (safe; 1% risk of failure)
Confirm with . or Enter, or press ? or * to list all spells.
Aiming: Sandblast (safe; 1% risk of failure)
Press: ? - help, Shift-Dir - straight line, f/p - killer bee
Aim: a killer bee (65% to hit)
The blast of sand hits the killer bee!
The killer bee is heavily wounded.
You feel very sick. The killer bee stings you! x2
You are more poisoned.
The killer bee poisons you! The killer bee barely misses you.
A killer bee comes into view.
Casting: Sandblast (safe; 1% risk of failure)
Confirm with . or Enter, or press ? or * to list all spells.
Aiming: Sandblast (safe; 1% risk of failure)
Press: ? - help, Shift-Dir - straight line, f/p - killer bee
Aim: a killer bee (heavily wounded, 65% to hit)
The blast of sand misses the killer bee.
The killer bee buzzes angrily.
You feel very sick.
The killer bee barely misses you. x2; The killer bee closely misses you.
Casting: Sandblast (safe; 1% risk of failure)
Confirm with . or Enter, or press ? or * to list all spells.
Aiming: Sandblast (safe; 1% risk of failure)
Press: ? - help, Shift-Dir - straight line, f/p - killer bee
Aim: a killer bee (heavily wounded, 65% to hit)
The blast of sand misses the killer bee.
You feel very sick. The killer bee closely misses you.
The killer bee stings you!
* * * LOW HITPOINT WARNING * * *
The killer bee stings you.
* * * LOW HITPOINT WARNING * * *
Casting: Sandblast (safe; 1% risk of failure)
Confirm with . or Enter, or press ? or * to list all spells.
Aiming: Sandblast (safe; 1% risk of failure)
Press: ? - help, Shift-Dir - straight line, f/p - killer bee
Aim: a killer bee (heavily wounded, 65% to hit)
The blast of sand hits the killer bee!
You kill the killer bee!
You die...

#.#.#.# #.# #.#.#.# #.#
#.#...# #.#
#.###.##########.#
#................#
##################
#............
############.###########
...y.y†@........#
#################


You could see 2 killer bees.

Vanquished Creatures
  Eustachio (D:4)
  2 ogres (D:5)
  A phantom (D:5)
  3 scorpions
  A killer bee (D:5)
  2 hounds (D:5)
  An iron imp (D:5)
  An orc priest (D:4)
  3 iguanas
  3 orc wizards
  5 gnolls
  6 adders
  An ufetubus (D:5)
  5 worms
  4 dart slugs
  12 orcs
  3 ball pythons
  4 bats (D:1)
  3 endoplasms
  2 giant cockroaches
  6 goblins
  3 hobgoblins
  10 jackals
  6 quokkas
  2 frilled lizards
  6 kobolds
  3 rats
99 creatures vanquished.

Notes
Turn   | Place    | Note
-------+----------+-------------------------------------------
     0 | D:1      | Ijustatesigmund the Deep Elf Earth Elementalist began the
                  | quest for the Orb.
     0 | D:1      | Reached XP level 1. HP: 10/10 MP: 6/6
   317 | D:1      | Reached XP level 2. HP: 15/15 MP: 6/8
   665 | D:1      | Reached skill level 4 in Spellcasting
   665 | D:1      | Reached XP level 3. HP: 19/19 MP: 6/10
   701 | D:1      | Learned a level 3 spell: Stone Arrow
  1330 | D:2      | Found Qurink Odeo's Antique Weapon Shoppe.
  1550 | D:2      | Reached skill level 1 in Conjurations
  1647 | D:2      | Found a stormy altar of Qazlal.
  2023 | D:2      | Reached XP level 4. HP: 24/24 MP: 10/12
  2114 | D:3      | Noticed a scorpion
  2128 | D:3      | Killed a scorpion
  2129 | D:3      | Reached skill level 1 in Ranged Weapons
  2129 | D:3      | Reached skill level 5 in Spellcasting
  2226 | D:3      | Reached XP level 5. HP: 19/28 MP: 10/14
  2847 | D:3      | Found a runed translucent gate.
  2848 | D:3      | Found a runed translucent gate.
  2848 | D:3      | Found a runed translucent gate.
  2849 | D:3      | Noticed M4edhros's ghost (weakling OpMo)
  3804 | D:4      | Noticed Eustachio
  3816 | D:4      | Killed Eustachio
  3817 | D:4      | Reached skill level 1 in Fighting
  3817 | D:4      | Reached skill level 6 in Spellcasting
  3817 | D:4      | Reached XP level 6. HP: 32/34 MP: 0/17
  4624 | D:4      | Reached XP level 7. HP: 39/39 MP: 16/18
  4708 | D:5      | Entered Level 5 of the Dungeon
  5135 | D:5      | Reached skill level 7 in Spellcasting
  5218 | D:5      | Reached skill level 5 in Conjurations
  5455 | D:5      | Found a radiant altar of Vehumet.
  5593 | D:5      | Found a staircase to the Ecumenical Temple.
  5604 | Temple   | Entered the Ecumenical Temple
  5675 | D:5      | Reached XP level 8. HP: 40/46 MP: 6/21
  5768 | D:5      | Found a snail-covered altar of Cheibriados.
  5774 | D:5      | Reached skill level 8 in Spellcasting
  5923 | D:5      | HP: 1/46 [killer bee (4)]
  5924 | D:5      | Succumbed to a killer bee's poison

Illustrated notes

Levels and vault maps discovered:
D:1:      reono_arrival_forest_river, layout_basic
D:2:      layout_loops_ring, basic_altar, serial_shops,
          nicolae_shop_behind_doors
D:3:      layout_basic, ebering_ghost_rock_garden, small_statue_intersection
D:4:      layout_loops_corners, uniq_eustachio
D:5:      minmay_diamond_boxcup, layout_basic, nicolae_vehumet_radiance,
          slow_altar_1, minmay_temple_entry_arrows, uniq_duvessa
Temple:   eino_wide_crystal_templ

Skill      XL: |  1  2  3  4  5  6  7  8 |
---------------+-------------------------+-----
Spellcasting   | 4 5 6 7 8 |  8.0
Earth Magic    | 4 |  4.0
Conjurations   | 1 2 3 4 5 |  5.5
Ranged Weapons | 1 3 |  3.0
Fighting       | 1 3 |  3.2
Dodging        | |  2.4
Stealth        | |  2.4
Transmutations | |  1.1

Action                     |  1- 3 |  4- 6 |  7- 9 || total
---------------------------+-------+-------+-------++-------
   Fire: Sling             |     1 |    73 |    34 ||   108
   Cast: Sandblast         |    56 |    48 |     8 ||   112
         Stone Arrow       |       |    14 |    31 ||    45
    Use: Scroll            |     6 |     1 |     3 ||    10
         Potion            |       |     2 |       ||     2
 Armour: Robe              |     2 |     4 |     2 ||     8
         Skin              |       |    12 |       ||    12
  Dodge: Dodged            |    14 |    25 |    16 ||    55

Table legend: (Time is in decaauts)
 A = Elapsed time spent in this place.
 B = Non-inter-level travel time spent in this place.
 C = Inter-level travel time spent in this place.
 D = Time resting spent in this place.
 E = Time spent auto-exploring this place.
 F = Levels seen in this place.
 G = Mean time per level.
                   A        B        C        D        E       F      G
               +--------+--------+--------+--------+--------+-----+--------+
         Total |   6025 |   5810 |    215 |   1670 |   3495 |   6 | 1004.2 |
       Dungeon |   5972 |   5765 |    207 |   1670 |   3463 |   5 | 1194.4 |
        Temple |     52 |     44 |      8 |      0 |     32 |   1 |   52.0 |
               +--------+--------+--------+--------+--------+-----+--------+

Top non-repeatable levels by time:
     D:4: 1429 daAuts
     D:3: 1329 daAuts
     D:1: 1174 daAuts
     D:2: 1044 daAuts
     D:5: 994 daAuts
  Temple: 52 daAuts
